 Dungeon Crawl Stone Soup version 0.27.1-2-g3b301248ec (webtiles) character file.

Game seed: 1882844845104015164

3604 safid the Cleaver (level 10, -1/90 HPs)
             Began as a Hill Orc Fighter on Sept 24, 2021.
             Was a Follower of Beogh.
             Slain by a vampire (16 damage)
             ... on level 7 of the Dungeon on Sept 25, 2021.
             The game lasted 00:24:32 (7809 turns).

safid the Cleaver (Hill Orc Fighter)                Turns: 7809, Time: 00:24:32

Health: -1/90      AC: 16    Str: 23    XL:     10   Next: 10%
Magic:  10/10      EV:  5    Int:  8    God:    Beogh [*.....]
Gold:   371        SH: 11    Dex: 10    Spells: 9/9 levels left

rFire    . . .     SeeInvis .   d - +0 war axe (vamp)
rCold    . . .     Faith    +   c - +0 kite shield
rNeg     . . .     Spirit   .   k - +0 plate armour
rPois    .         Reflect  .   (no helmet)
rElec    .         Harm     .   (no cloak)
rCorr    .         Rampage  .   s - +0 pair of gloves
Will     .....                  t - +0 pair of boots
Stlth    ..........             f - amulet of faith
HPRegen  0.25/turn              (no ring)
MPRegen  0.12/turn              (no ring)

@: lethally poisoned (-1 -> -26)
A: no striking features
a: Renounce Religion


You were on level 7 of the Dungeon.
You worshipped Beogh.
Beogh was aware of your devotion.
You visited 1 branch of the dungeon, and saw 7 of its levels.

You collected 371 gold pieces.

Inventory:

Hand Weapons
 d - a +0 vampiric war axe (weapon)
Missiles
 a - 2 throwing nets
 e - 5 javelins
 h - 13 poisoned darts (quivered)
Armour
 c - a +0 kite shield (worn)
 k - a +0 plate armour (worn)
 s - a +0 pair of gloves (worn)
 t - a +0 pair of boots (worn)
Jewellery
 f - an amulet of faith (around neck)
Wands
 m - a wand of iceblast (8)
 r - a wand of polymorph (5)
Scrolls
 b - 2 scrolls of teleportation
Potions
 p - a potion of mutation


   Skills:
 + Level 8.6 Fighting
 + Level 10.7 Axes
 - Level 0.7 Throwing
 + Level 8.2 Armour
 + Level 8.1 Shields


You had 9 spell levels left.
You didn't know any spells.
Your spell library contained the following spells:

 Spells                   Type           Power      Damage    Failure   Level
 Dazzling Flash           Conj/Hex       0%         N/A       100%        3
 Ignite Poison            Fire/Tmut/Pois 0%         N/A       100%        3
 Mephitic Cloud           Conj/Pois/Air  0%         N/A       100%        3
 Agony                    Necr           0%         N/A       100%        5
 Bolt of Magma            Conj/Fire/Erth 0%         4d4       100%        5
 Silence                  Hex/Air        0%         N/A       100%        5
 Malign Gateway           Summ/Tloc      0%         N/A       100%        7
 Summon Horrible Things   Summ           0%         N/A       100%        8


Dungeon Overview and Level Annotations

Branches:
Dungeon (7/15)             Temple (0/1) D:5

Altars:
Ashenzari
Elyvilon
Nemelex Xobeh
Qazlal
Yredelemnul
The Shining One

Shops:
D:6 =(([

Annotations:
D:5 1 runed translucent door, Crazy Yiuf


Message History

Unknown command.
You hit the troll.
The troll is heavily wounded.
The troll barely misses you. You block the troll's attack.
The troll claws you but does no damage.
The vampire hits you from afar with the +7 scythe of Expedience {venom, rPois Int-4 Dex+5}!
You are poisoned.
You slash the troll!
The troll is heavily wounded.
You feel very sick. You block the troll's attack.
The troll claws you but does no damage. The troll completely misses you.
The vampire hits you from afar with the +7 scythe of Expedience {venom, rPois Int-4 Dex+5}.
You are more poisoned.
You closely miss the troll.
The troll is heavily wounded.
You feel very sick. The troll completely misses you. The troll claws you.
The troll claws you!
The vampire mumbles some strange words.
The vampire flickers and vanishes!
Deactivating autopickup; reactivate with Ctrl-A.
You slash the troll!
You feel better.
The troll is severely wounded.
You feel very sick. The troll bites you. You block the troll's attack.
The troll claws you! Something hits you!
You are more poisoned.
Unknown command.
You slash the troll!
You feel better.
The troll is almost dead.
You feel very sick.
You block the troll's attack. x2; The troll claws you.
* * * LOW HITPOINT WARNING * * *
Something hits you!
* * * LOW HITPOINT WARNING * * *
You are more poisoned.
The troll barely misses you. The troll claws you.
* * * LOW HITPOINT WARNING * * *
The troll claws you but does no damage. Something hits you!
You die...

...........#......#.....#.....#..
...........#......#.....#.....#..
##########.####################..
#.......(...............
#.......................
######################..
#......#.....#.....#..
#[.{T..#.....#.....#..
+###@.#..#..#..#†.#..
#..#..#.†#..#..#..
#.....#.))..#.....
#.....#.....#.....
##################


You could see a troll.

Vanquished Creatures
  Harold (D:7)
  Prince Ribbit (D:6)
  A wyvern (D:7)
  3 steam dragons
  Menkaure (D:4)
  2 orc warriors
  A black bear (D:7)
  2 ice beasts
  A necrophage (D:7)
  2 ogres
  A phantom (D:7)
  A bullfrog (D:7)
  A scorpion (D:7)
  A water moccasin skeleton (D:5)
  3 howler monkeys
  A vampire bat (D:5)
  A bullfrog zombie (D:5)
  3 hounds
  3 jellies
  A centaur zombie (D:7)
  A gnoll shaman (D:6)
  A bullfrog skeleton (D:6)
  Ijyb (D:3)
  Jessica (D:3)
  Natasha (thrice) (D:3)
  6 orc wizards
  6 iguanas
  4 gnolls
  9 adders
  A shadow imp (D:7)
  An ufetubus (D:4)
  A worm (D:2)
  3 dart slugs
  18 orcs
  4 ball pythons
  9 bats
  5 endoplasms
  A giant cockroach (D:1)
  8 goblins
  11 hobgoblins
  A jackal (D:2)
  6 kobolds
  3 quokkas
  2 frilled lizards (D:1)
  6 rats
143 creatures vanquished.

Vanquished Creatures (others)
  2 fungi (D:5)
2 creatures vanquished.

Grand Total: 145 creatures vanquished

Notes
Turn   | Place    | Note
-------+----------+-------------------------------------------
     0 | D:1      | safid the Hill Orc Fighter began the quest for the Orb.
     0 | D:1      | Reached XP level 1. HP: 19/19 MP: 1/1
   511 | D:1      | Reached skill level 3 in Axes
   511 | D:1      | Reached XP level 2. HP: 26/27 MP: 2/2
   719 | D:1      | Reached XP level 3. HP: 33/33 MP: 3/3
  1779 | D:2      | Reached skill level 4 in Axes
  1779 | D:2      | Reached XP level 4. HP: 40/40 MP: 4/4
  2017 | D:2      | Found a sparkling altar of Nemelex Xobeh.
  2250 | D:3      | Noticed Natasha
  2254 | D:3      | Killed Natasha
  2351 | D:3      | Noticed Ijyb
  2369 | D:3      | Killed Ijyb
  2370 | D:3      | Reached XP level 5. HP: 25/47 MP: 5/5
  2527 | D:3      | Noticed Natasha
  2543 | D:3      | Killed Natasha
  2544 | D:3      | Reached skill level 5 in Axes
  2728 | D:3      | Noticed Natasha
  2738 | D:3      | Killed Natasha
  3076 | D:3      | Noticed Jessica
  3083 | D:3      | Killed Jessica
  3367 | D:3      | Reached XP level 6. HP: 32/53 MP: 6/6
  3572 | D:3      | Found a faded altar of an unknown god.
  3994 | D:4      | Noticed an orc warrior
  4010 | D:4      | Killed an orc warrior
  4011 | D:4      | Reached skill level 6 in Axes
  4297 | D:4      | Reached XP level 7. HP: 60/60 MP: 7/7
  4411 | D:4      | Found a stormy altar of Qazlal.
  4515 | D:4      | Reached skill level 5 in Fighting
  4647 | D:4      | Reached skill level 5 in Armour
  4716 | D:5      | Entered Level 5 of the Dungeon
  4768 | D:5      | Reached skill level 7 in Axes
  4939 | D:5      | Reached skill level 5 in Shields
  5034 | D:5      | Reached XP level 8. HP: 69/69 MP: 8/8
  5042 | D:5      | Noticed Menkaure
  5123 | D:4      | Killed Menkaure
  5124 | D:4      | Reached skill level 8 in Axes
  5506 | D:5      | Found a broken altar of Ashenzari.
  5506 | D:5      | Found a glowing golden altar of the Shining One.
  5518 | D:5      | Found a staircase to the Ecumenical Temple.
  5643 | D:5      | Found a runed translucent door.
  5644 | D:5      | Noticed Crazy Yiuf
  5874 | D:6      | Found Pekeivynlih's Antique Armour Emporium.
  6004 | D:6      | Found a white marble altar of Elyvilon.
  6064 | D:6      | Found a basalt altar of Yredelemnul.
  6419 | D:6      | Noticed Prince Ribbit
  6489 | D:6      | Found Siphom's Jewellery Shop.
  6522 | D:6      | Found Rijixis's Antique Weapon Shoppe.
  6606 | D:6      | Killed Prince Ribbit
  6607 | D:6      | Reached skill level 9 in Axes
  6716 | D:6      | Found Nuelecur's Antique Weapon Shop.
  6953 | D:7      | Became a worshipper of Beogh the Brigand
  6977 | D:7      | Reached XP level 9. HP: 63/78 MP: 9/9
  7067 | D:7      | Noticed Harold
  7097 | D:7      | Killed Harold
  7550 | D:7      | Reached skill level 10 in Axes
  7756 | D:7      | Reached XP level 10. HP: 90/90 MP: 10/10
  7769 | D:7      | Reached * piety under Beogh
  7803 | D:7      | Identified the +7 scythe of Expedience {venom, rPois Int-4
                  | Dex+5}
  7809 | D:7      | Slain by a vampire

Illustrated notes

Levels and vault maps discovered:
D:1:      matt_arrival_spirals, layout_basic, minivault_27, minivault_25
D:2:      layout_basic, basic_altar, minmay_tall_x
D:3:      layout_loops_ring, dilly_ecumenical_altar_fadedgnrine, uniq_jessica,
          uniq_natasha, uniq_ijyb
D:4:      layout_basic, lemuel_tele_altar, minmay_increasing_density
D:5:      layout_rooms, mainiacjoe_overflow_divided_tiny,
          minmay_temple_entry_drinking_statues, roderic_batcave,
          uniq_crazy_yiuf_cottage, uniq_menkaure
D:6:      layout_gridville, kennysheep_ying_yang, serial_shops,
          nicolae_lakefront_shop, shop, shop, nicolae_shop_overgrown_old_shop,
          uniq_prince_ribbit1
D:7:      kennysheep_windowed_halls, layout_rooms, serial_shops,
          nicolae_shop_trees, uniq_harold

Skill      XL: |  1  2  3  4  5  6  7  8  9 10 |
---------------+-------------------------------+-----
Axes           | 3 4 5 6 7 9 10 | 10.7
Fighting       | 4 5 6 8 |  8.6
Armour         | 4 5 6 8 |  8.2
Shields        | 4 5 6 7 8 |  8.1
Throwing       | |  0.7

Action                   |  1- 3 |  4- 6 |  7- 9 | 10-12 || total
-------------------------+-------+-------+-------+-------++-------
Melee: War axe           |   110 |   188 |   267 |    28 ||   593
Throw: Dart              |       |       |    18 |       ||    18
Invok: Convert to Beogh  |       |       |     1 |       ||     1
  Use: Potion            |       |     4 |     7 |       ||    11
       Scroll            |       |       |    13 |       ||    13
Armor: Scale mail        |    35 |       |       |       ||    35
       Plate armour      |    11 |   129 |   173 |     7 ||   320
       Skin              |       |       |     6 |       ||     6
Dodge: Dodged            |    31 |    24 |    57 |     9 ||   121
Block: Kite shield       |    60 |    95 |   156 |    27 ||   338
